 Dungeon Crawl Stone Soup version 0.27.1-33-g824d729ab1 (webtiles) character file.

Game seed: 2575730630182100368

67 Garessta the Vexing (level 4, 0/30 HPs)
             Began as a Vampire Enchanter on Dec 9, 2021.
             Succumbed to an adder's poison
             ... on level 3 of the Dungeon.
             The game lasted 00:04:41 (1382 turns).

Garessta the Vexing (Vampire Enchanter)             Turns: 1382, Time: 00:04:42

Health: 0/30       AC:  2    Str:  7    XL:     4   Next: 0%
Magic:  0/7        EV: 12    Int: 17    God:
Gold:   73         SH:  0    Dex: 15    Spells: 4/7 levels left

rFire    . . .     SeeInvis +   a - +1 dagger
rCold    . . .     Faith    .   (no shield)
rNeg     . . .     Spirit   .   b - +0 robe
rPois    .         Reflect  .   (no helmet)
rElec    .         Harm     .   (no cloak)
rCorr    .         Rampage  .   (no gloves)
Will     .....                  (no boots)
Stlth    +++.......             (no amulet)
HPRegen  0.30/turn              (no ring)
MPRegen  0.10/turn              (no ring)

@: lethally poisoned (0 -> -4), healing quickly
A: alive, fangs 3, see invisible, vampiric 2
a: Exsanguinate


You were on level 3 of the Dungeon.
You visited 1 branch of the dungeon, and saw 3 of its levels.

You collected 73 gold pieces.

Inventory:

Hand Weapons
 a - a +1 dagger (weapon)
Armour
 b - a +0 robe (worn)
Jewellery
 d - an amulet of faith
Scrolls
 c - 3 scrolls of identify {unknown}
 e - 2 scrolls of amnesia {unknown}
 g - 2 scrolls of teleportation {unknown}
 j - a scroll of immolation {unknown}
Potions
 f - 2 potions of might {unknown}
 h - a potion of heal wounds {unknown}
 i - 2 potions of curing {unknown}
 k - a potion of haste {unknown}


   Skills:
 - Level 1.1 Short Blades
 - Level 2.1 Dodging
 + Level 5.6 Stealth
 - Level 2.0 Spellcasting
 * Level 6.4 Hexes


You had 4 spell levels left.
You knew the following spells:

 Your Spells              Type           Power      Damage    Failure   Level
a - Corona                Hex            25%        N/A       1%          1
b - Ensorcelled Hibernat  Hex/Ice        24%        N/A       8%          2

Your spell library contained the following spells:

 Spells                   Type           Power      Damage    Failure   Level
 Confusing Touch          Hex            23%        N/A       4%          3
 Tukima's Dance           Hex            23%        N/A       4%          3
 Dazzling Flash           Conj/Hex       24%        N/A       16%         3


Dungeon Overview and Level Annotations

Branches:
Dungeon (3/15)

Altars:
Uskayaw


Innate Abilities, Weirdness & Mutations

Your natural rate of healing is accelerated.
You have razor-sharp teeth.
You have supernaturally acute eyesight. (SInv)
You are afflicted with vampirism and can become a bat while bloodless.


Message History

You are more poisoned.
The adder poisons you! The adder closely misses you.
Aiming: Ensorcelled Hibernation (safe; 8% risk of failure)
Press: ? - help, Q - select action, (/) - cycle Shift-Dir - straight line, f - adder
Aim: an adder (heavily wounded, chance to affect: 51%)
The adder resists with some effort.
You feel sick. The adder misses you.
You hit the adder.
The adder is heavily wounded.
You feel sick. The adder completely misses you.
You hit the adder but do no damage.
The adder is heavily wounded.
You feel sick. The adder completely misses you.
You miss the adder.
The adder is heavily wounded.
You feel sick. The adder bites you.
You are more poisoned.
The adder poisons you! The adder closely misses you.
You hit the adder.
The adder is heavily wounded.
You feel sick. The adder bites you.
* * * LOW HITPOINT WARNING * * *
You completely miss the adder. Your bite misses the adder.
The adder is heavily wounded.
* * * LOW HITPOINT WARNING * * *
You feel sick. The adder misses you.
You miss the adder.
The adder is heavily wounded.
* * * LOW HITPOINT WARNING * * *
You feel sick. The adder bites you.
* * * LOW HITPOINT WARNING * * *
You are more poisoned.
The adder poisons you!
You miss the adder. You bite the adder.
The adder is severely wounded.
* * * LOW HITPOINT WARNING * * *
You feel sick. The adder barely misses you. x2
You closely miss the adder. You bite the adder, but do no damage.
The adder is severely wounded.
You die...

#.... ..#. ......#
... ..... .. .....
# #. #.#.#
#.#.##.#####.#.#
.............#.#
.........†.....##.#
..###.###<..S@....#
# ######.#### ..#
..# ... ..## #.# ..


You could see an adder.

Vanquished Creatures
  Terence (D:2)
  An adder (D:2)
  A dart slug (D:1)
  A ball python (D:2)
  4 endoplasms (D:1)
  2 giant cockroaches
  A goblin (D:1)
  A hobgoblin (D:2)
  3 jackals
  5 kobolds
  2 quokkas (D:1)
  A bat (D:1)
  4 frilled lizards
  3 rats
30 creatures vanquished.

Notes
Turn   | Place    | Note
-------+----------+-------------------------------------------
     0 | D:1      | Garessta the Vampire Enchanter began the quest for the Orb.
     0 | D:1      | Reached XP level 1. HP: 13/13 MP: 3/3
    96 | D:1      | Found a faded altar of an unknown god.
   211 | D:1      | Reached skill level 5 in Hexes
   211 | D:1      | Reached XP level 2. HP: 19/19 MP: 5/5
   394 | D:1      | Learned a level 2 spell: Ensorcelled Hibernation
   536 | D:1      | Reached skill level 5 in Stealth
   856 | D:2      | Gained mutation: You are afflicted with vampirism and can
                  | become a bat while bloodless. [Vampire growth]
   856 | D:2      | Reached XP level 3. HP: 11/24 MP: 1/6
   927 | D:2      | Noticed Terence
  1005 | D:2      | Killed Terence
  1006 | D:2      | Reached skill level 6 in Hexes
  1081 | D:2      | Found a hide-covered altar of Uskayaw.
  1360 | D:3      | Reached XP level 4. HP: 24/30 MP: 0/7
  1381 | D:3      | HP: 1/30 [poisoned by an adder]
  1382 | D:3      | Succumbed to an adder's poison

Illustrated notes

Levels and vault maps discovered:
D:1:      nzn_arrival_water_spiral, layout_loops_ring, basic_ecumenical_altar
D:2:      layout_basic, basic_altar, mrwooster_statue_mirror, uniq_terence
D:3:      layout_basic, cheibrodos_sewer_entry_sluice, kennysheep_boxes,
          uniq_ijyb

Skill      XL: |  1  2  3 |
---------------+----------+-----
Hexes          | 5 6 |  6.4
Stealth        | 5 |  5.6
Short Blades   | |  1.1
Dodging        | |  2.1
Spellcasting   | |  2.0

Action                   |  1- 3 |  4- 6 || total
-------------------------+-------+-------++-------
Melee: Dagger            |    87 |    14 ||   101
       Bite              |     7 |     2 ||     9
 Cast: Ensorcelled Hiber |    18 |     1 ||    19
 Stab: Sleeping          |    18 |       ||    18
Armor: Robe              |    10 |     2 ||    12
Dodge: Dodged            |    44 |    13 ||    57
